 Dungeon Crawl Stone Soup version 0.30.1-9-gdf580d7c3d (webtiles) character file.

Game seed: 11948851686466427533

331 danielguo94 the Cudgeller (level 6, 0/38 HPs)
             Began as a Gargoyle Fighter on Oct 10, 2023.
             Slain by a gnoll bouda
             ... wielding a +0 whip
              (4 damage)
             ... on level 4 of the Dungeon.
             The game lasted 00:03:40 (3583 turns).

danielguo94 the Cudgeller (Gargoyle Fighter)        Turns: 3583, Time: 00:03:41

Health: 0/38       AC: 11    Str: 21    XL:     6   Next: 51%
Magic:  6/6        EV:  9    Int:  9    God:
Gold:   219        SH:  4    Dex:  9    Spells: 5/5 levels left

rFire   . . .        a - +0 flail
rCold   . . .        c - +0 buckler
rNeg    + . .        b - +0 scale mail
rPois   ∞            (no helmet)
rElec   +            (no cloak)
rCorr   .            (no gloves)
SInv    .            (no boots)
Will    .....        (no amulet) Stlth
                     (no ring)
HPRegen 0.26/turn    (no ring)
MPRegen 0.10/turn

%: no passive effects
@: flying
A: sickness immunity, AC +4, negative energy resistance 1, electricity
resistance, torment resistance 1, petrification resistance
a: no special abilities


You were on level 4 of the Dungeon.
You visited 1 branch of the dungeon, and saw 4 of its levels.

You collected 219 gold pieces.

Inventory:

Hand Weapons
 a - a +0 flail (weapon)
Armour
 b - a +0 scale mail (worn)
 c - a +0 buckler (worn)
Wands
 p - a wand of acid (2)
Scrolls
 e - a scroll of enchant weapon {unknown}
 h - 2 scrolls of immolation {unknown}
 i - 2 scrolls of identify {unknown}
 k - a scroll of brand weapon {unknown}
 m - a scroll of teleportation {unknown}
 o - a scroll of fog {unknown}
Potions
 d - 3 potions of might
 f - a potion of brilliance {unknown}
 g - a potion of flight
 j - a potion of heal wounds {unknown}
 l - a potion of degeneration {unknown}
 n - a potion of curing {unknown}
 q - a potion of haste {unknown}
 r - a potion of cancellation {unknown}


   Skills:
 + Level 4.1 Fighting
 * Level 5.0 Maces & Flails
 + Level 4.6 Armour
 + Level 0.6 Dodging
 + Level 3.8 Shields


You had 5 spell levels left.
You didn't know any spells.
Your spell library was empty.

Dungeon Overview and Level Annotations

Branches:
Dungeon (4/15)
 Temple: D:4-7

Altars:
Yredelemnul

Annotations:
D:2 1 runed translucent door, Crazy Yiuf


Innate Abilities, Weirdness & Mutations

You are immune to sickness and miasma.
Your stone body is resilient. (AC +4)
You are immune to poison.
You resist negative energy. (rN+)
You are resistant to electric shocks. (rElec)
You are resistant to unholy torment.
You are immune to petrification.


Message History

You are too injured to fight recklessly!
You are too injured to fight recklessly!
You are too injured to fight recklessly!
You are too injured to fight recklessly!
You are too injured to fight recklessly!
You are too injured to fight recklessly!
You are too injured to fight recklessly!
You are too injured to fight recklessly!
You completely miss the gnoll bouda.
The gnoll bouda is severely wounded.
The gnoll bouda hits you with a +0 whip.
You barely miss the gnoll bouda.
The gnoll bouda is severely wounded.
The gnoll bouda hits you but does no damage.
You hit the gnoll bouda but do no damage.
The gnoll bouda is severely wounded.
The gnoll bouda hits you with a +0 whip.
You barely miss the gnoll bouda.
The gnoll bouda is severely wounded.
The gnoll bouda gazes fiercely through you!
You feel your attacks grow feeble. You block the gnoll bouda's attack.
You hit the gnoll bouda but do no damage.
The gnoll bouda is severely wounded.
The gnoll bouda hits you but does no damage.
You hit the gnoll bouda but do no damage.
The gnoll bouda is severely wounded.
The gnoll bouda hits you with a +0 whip.
* * * LOW HITPOINT WARNING * * *
The gnoll bouda hits you with a +0 whip!
* * * LOW HITPOINT WARNING * * *
You hit the gnoll bouda.
The gnoll bouda is almost dead.
Your attacks no longer feel as feeble.
The gnoll bouda hits you but does no damage.
It was a potion of flight.
You feel very buoyant.
You fly up into the air.
The gnoll bouda hits you with a +0 whip.
You die...

#.....##### #...#
#......# #...#
#......# #...#
#......#
######......#
#........####
#........# #######
#....g)..# #.....#
#...(@...#
#.....####...<....#
##+##
#............†....#
#....
#.................#
#....
#.................#
#....
####........###.###
#.... ##########
#.# ########....
#.# #........)..
#.# #.#####.....


You could see a gnoll bouda.

Vanquished Creatures
  A scorpion (D:3)
  Jessica (D:2)
  2 iguanas (D:4)
  An orc wizard (D:3)
  8 gnolls
  2 adders
  3 dart slugs (D:1)
  2 orcs (D:3)
  5 ball pythons
  6 bats
  9 endoplasms
  4 giant cockroaches
  3 goblins
  5 hobgoblins
  5 quokkas
  3 frilled lizards
  7 kobolds
  7 rats
74 creatures vanquished.

Notes
Turn   | Place    | Note
-------+----------+-------------------------------------------
     0 | D:1      | danielguo94 the Gargoyle Fighter began the quest for the
                  | Orb.
     0 | D:1      | Reached XP level 1. HP: 14/14 MP: 1/1
   141 | D:1      | Reached XP level 2. HP: 12/19 MP: 2/2
   356 | D:1      | Reached XP level 3. HP: 15/24 MP: 3/3
   968 | D:2      | Found a basalt altar of Yredelemnul.
  1205 | D:2      | Noticed Jessica
  1221 | D:2      | Killed Jessica
  1222 | D:2      | Reached skill level 3 in Maces & Flails
  1222 | D:2      | Reached XP level 4. HP: 22/29 MP: 4/4
  1686 | D:3      | Noticed a scorpion
  1695 | D:3      | Killed a scorpion
  1696 | D:3      | Reached XP level 5. HP: 31/33 MP: 5/5
  1905 | D:1      | Reached skill level 4 in Maces & Flails
  2185 | D:2      | Found a runed translucent door.
  2186 | D:2      | Noticed Crazy Yiuf
  2788 | D:3      | Identified the +3 ring mail of the Pleiades {rC+}
  3157 | D:4      | Reached XP level 6. HP: 17/38 MP: 6/6
  3562 | D:3      | Reached skill level 5 in Maces & Flails
  3583 | D:4      | Slain by a gnoll bouda

Illustrated notes

Levels and vault maps discovered:
D:1:      evilmike_arrival_rings, layout_loops_ring, minmay_hexomino_c4
D:2:      layout_basic, serial_glass, glass_columns_b, glass_columns_c,
          basic_altar, amcnicky_mini_pool_small, uniq_jessica,
          uniq_crazy_yiuf_cottage
D:3:      layout_basic, serial_park_tiny_1, minmay_misc_feat_hallway
D:4:      layout_basic, minmay_temple_entry_arrows, uniq_eustachio

Skill      XL: |  1  2  3  4  5  6 |
---------------+-------------------+-----
Maces & Flails | 3 4 5 |  5.0
Armour         | 4 |  4.6
Fighting       | 4 |  4.1
Dodging        | |  0.6
Shields        | |  3.8

Action                     |  1- 3 |  4- 6 || total
---------------------------+-------+-------++-------
  Melee: Flail             |   120 |   174 ||   294
    Use: Potion            |       |     1 ||     1
 Armour: Scale mail        |    85 |   127 ||   212
  Dodge: Dodged            |    75 |    90 ||   165
  Block: Buckler           |    34 |    48 ||    82
